 Dungeon Crawl Stone Soup version 0.14.0-12-g87ee3b7 (webtiles) character file.

274 Esekla the Magician (level 5, -1/28 HPs)
             Began as a Vine Stalker Skald on Apr 16, 2014.
             Slain by an ogre
             ... wielding a +0,+0 giant spiked club
              (14 damage)
             ... on Level 3 of the Dungeon.
             The game lasted 00:50:13 (2397 turns).

Esekla the Magician (Vine Stalker Skald)            Turns: 2397, Time: 00:50:13

HP  -1/28        AC  0     Str 14      XL: 5   Next:  7%
MP   0/13        EV 12     Int 12      God:
Gold 151         SH  0     Dex 15      Spells:  4 memorised,  2 levels left

rFire  . . .     SeeInvis .     a - +0 hand axe
rCold  . . .     Clarity  .     (no armour)
rNeg   . . .     Conserve .     (no shield)
rPois  .         rCorr    .     (no helmet)
rElec  .         rRot     +     (no cloak)
SustAb . .       Spirit   +     (no gloves)
rMut   .         Warding  .     (no boots)
Saprov . . .     Stasis   .     (no amulet)
MR     .....                    (no ring)
                                (no ring)

@: not resistant to hostile enchantments, unstealthy
A: fangs 2, regeneration 1, magic shield, antimagic bite, no device heal
a: no special abilities


You were on level 3 of the Dungeon.
You were not hungry.

You visited 1 branch of the dungeon, and saw 4 of its levels.

You collected 151 gold pieces.

Inventory:

Hand weapons
 a - a +0,+0 hand axe (weapon)
 b - a +2,+1 hand axe
 f - a +0,+0 sling
 h - a +0,+0 short sword
 o - a +0,+0 falchion
 t - a +1,+1 flail
 y - a +1,+0 mace
 z - a +0,+0 flail
 D - a +0,+0 mace
Missiles
 m - 38 arrows
 n - 10 stones
 x - 20 darts (quivered)
Armour
 v - a +0 gold dragon armour
 w - a +0 ring mail
 A - a +0 ring mail
Magical devices
 p - a wand of teleportation (5) {unknown}
Comestibles
 d - 3 bread rations
 g - a choko
 i - a rambutan
 s - a meat ration
Scrolls
 j - 3 scrolls of identify
 k - a scroll of fog
 r - a scroll of enchant armour {unknown}
 B - a scroll of enchant weapon I {unknown}
 C - a scroll of amnesia {unknown}
Potions
 e - a potion of restore abilities {unknown}
 l - a potion of heal wounds {unknown}
 q - a potion of curing {unknown}
 u - a potion of paralysis {unknown}
Books
 c - a book of Battle

   Spells                             Type                      Level
   *Infusion                          Charms                       1
   *Shroud of Golubria                Charms/Translocation         2
   *Song of Slaying                   Charms                       2
   Spectral Weapon                    Hexes/Charms                 3
   *Regeneration                      Charms/Necromancy            3


   Skills:
 + Level 3.0 Fighting
 - Level 2.0 Axes
 - Level 1.0 Armour
 - Level 1.0 Dodging
 + Level 0.6 Stealth
 + Level 3.2 Spellcasting
 - Level 3.0 Charms
 * Level 1.9 Translocations


You had 2 spell levels left.
You knew the following spells:

 Your Spells              Type           Power        Failure   Level  Hunger
a - Infusion              Chrm           #.....       10%         1    #......
b - Shroud of Golubria    Chrm/Tloc      #.........   14%         2    ##.....
c - Song of Slaying       Chrm           #.......     12%         2    ##.....
d - Regeneration          Chrm/Necr      #.........   43%         3    ####...


Dungeon Overview and Level Annotations

Branches:
Dungeon (4/15)
 Temple: D:4-7

Altars:


Innate Abilities, Weirdness & Mutations

You are immune to rotting.
You have extremely sharp teeth.
Your natural rate of healing is unusually fast.
When hurt, damage is shared between your health and your magic reserves.
Your bite disrupts and absorbs the magic of your enemies.
Potions and wands cannot restore your HP.


Message History

There is a stone staircase leading up here.
Wield which item (- for none, * to show all)? (? for menu, Esc to quit)
a - a +0,+0 hand axe (weapon)
The ogre barely misses you.
You hit the ogre.
The ogre is lightly wounded.
Your shroud begins to fray at the edges.
You closely miss the ogre. Your bite misses the ogre.
The ogre is lightly wounded.
Your shroud bends the ogre's attack away!
You hit the ogre! You bite the ogre. You drain its power.
You feel invigorated.
The ogre is moderately wounded.
The ogre hits you with a giant spiked club!
Ouch! That really hurt!
Your shroud falls apart!
You hit the ogre!
The ogre is severely wounded.
The ogre hits you with a giant spiked club!
Ouch! That really hurt!
You die...

#################
..#[.........%..#
#.#.....#######.#
........# #.#
.....>..#######.##
...............O.#
#.........#####.@#######
#.##...##.# #........#
#.##...##.#####...####.#
..##...##.........# #.#
#.##...########>.## #.#
#.##...########..# #.#
#.##...%.........# #%#
#.###..#########%# #.#
..# #...# #(## ##.#


You could see an ogre.

Vanquished Creatures
  An orc priest (D:3)
  An adder (D:3)
  A worm (D:3)
  2 giant geckos (D:3)
  An ooze (D:3)
  7 orcs (D:3)
  A ball python (D:2)
  4 bats
  3 giant cockroaches
  11 goblins
  10 hobgoblins
  9 kobolds
  2 quokkas (D:2)
  3 giant newts
  3 jackals (D:3)
  6 rats
65 creatures vanquished.

Notes
Turn   | Place    | Note
--------------------------------------------------------------
     0 | D:1      | Esekla, the Vine Stalker Skald, began the quest for the Orb.
     0 | D:1      | Reached XP level 1. HP: 11/11 MP: 3/3
   212 | D:1      | Reached skill level 1 in Dodging
   246 | D:1      | Reached XP level 2. HP: 15/15 MP: 5/5
   250 | D:1      | Learned a level 2 spell: Shroud of Golubria
   253 | D:1      | Learned a level 2 spell: Song of Slaying
   294 | D:1      | Reached skill level 1 in Armour
   952 | D:2      | Reached skill level 1 in Translocations
   978 | D:2      | Reached XP level 3. HP: 15/18 MP: 7/7
  1621 | D:3      | Reached XP level 4. HP: 23/23 MP: 9/9
  2181 | D:3      | Reached XP level 5. HP: 10/28 MP: 7/13
  2285 | D:3      | Learned a level 3 spell: Regeneration
  2323 | D:4      | Noticed an ogre
  2397 | D:3      | Slain by an ogre

Action                   |  1- 3 |  4- 6 || total
-------------------------+-------+-------++-------
Melee: Hand axe          |   115 |    51 ||   166
 Fire: Sling             |     7 |    25 ||    32
Throw: Dart              |    18 |    15 ||    33
       Stone             |     5 |       ||     5
 Cast: Shroud of Golubri |     2 |     3 ||     5
       Song of Slaying   |     1 |     1 ||     2
       Infusion          |       |     2 ||     2
  Use: Scroll            |     2 |     1 ||     3
       Potion            |     1 |       ||     1
